Capitals vs Penguins

Created - October 15, 2015 at 19:23

Goals
1 2 3 OT1 SO T
Capitals 0 3 0 0 0 3
Penguins 1 0 2 0 1 4
Shots
1 2 3 OT1 SO T
Capitals 2 15 15 1 3 33
Penguins 7 5 9 1 2 22

1st period

1. Penguins , Mark Giordano 1 (David Perron) at 2:22 (PP)

Penalties :
Ryan McDonagh (WSH) for Interference (Minor) at 0:26, Matt Stajan (WSH) for Hooking (Minor) at 8:18, Calvin de Haan (WSH) for Holding (Minor) at 10:45, Jakub Voracek (PIT) for Slashing (Minor) at 19:23, Derek Dorsett (WSH) for Holding (Minor) at 19:23

2nd period

2. Capitals , Cody Eakin 4 (Mathieu Perreault, Calvin de Haan) at 2:51 (PP)
3. Capitals , Alexander Ovechkin 5 (Curtis Lazar) at 7:35
4. Capitals , Taylor Hall 1 (Mathieu Perreault, Nate Guenin) at 19:38

Penalties :
Jacob De La Rose (PIT) for Interference (Minor) at 1:38

3rd period

5. Penguins , John Tavares 1 (Jacob Trouba, Victor Hedman) at 2:37 (PP)
6. Penguins , John Tavares 2 (Jacob De La Rose, Mark Giordano) at 17:23

Penalties :
Derek Dorsett (WSH) for Hooking (Minor) at 2:01, Tim Schaller (PIT) for Tripping (Minor) at 6:12, Ondrej Palat (PIT) for Hooking (Minor) at 10:01, Derek Dorsett (WSH) for Holding (Minor) at 19:35

Overtime #1

No Goal

Penalties :
No Penalty

Shootout

Penalty Shot by Alexander Ovechkin for Capitals - Stopped by Marc-Andre Fleury
Penalty Shot by John Tavares for Penguins - Stopped by James Reimer
Penalty Shot by Mathieu Perreault for Capitals - Stopped by Marc-Andre Fleury
Penalty Shot by Jakub Voracek for Penguins - Goal!
Penalty Shot by Matt Stajan for Capitals - Stopped by Marc-Andre Fleury

Penalties :
No Penalty

Goalie Stats

James Reimer (WSH), 19 saves from 22 shots - (0.864), OTL, 0-1-1, 65:00 minutes
Marc-Andre Fleury (PIT), 30 saves from 33 shots - (0.909), W, 3-1-0, 65:00 minutes

Players Stats for Capitals

Player Name              G  A  P  +/- PIM S  H  SB GA TA FO     MP     PP MP  PK MP  
------------------------------------------------------------------------------------
Alexander Ovechkin       1  0  1   1  0   11 4  0  0  0  2/2    25:10   2:49   0:22 
Alexander Semin          0  0  0  -1  0   3  0  0  0  0  1/1    16:06   2:49   0:00 
Calvin de Haan           0  1  1   0  2   0  2  3  0  0  0/0    23:41   2:52   3:27 
Cody Eakin               1  0  1  -1  0   1  0  0  0  0  9/19   20:34   2:22   3:10 
Curtis Lazar             0  1  1   1  0   1  3  0  0  0  9/27   16:21   0:00   0:00 
Derek Dorsett            0  0  0  -1  6   0  1  0  0  0  1/1    14:33   0:00   1:19 
Jay Harrison             0  0  0   2  0   0  0  1  0  0  0/0    14:10   0:00   2:21 
Jiri Tlusty              0  0  0   1  0   2  0  0  0  0  4/7    18:43   2:49   0:00 
Mathew Dumba             0  0  0   0  0   0  1  1  0  0  0/0    14:34   0:10   0:00 
Mathieu Perreault        0  2  2   1  0   4  3  0  0  0  11/25  24:45   2:22   4:41 
Matt Stajan              0  0  0   0  2   1  0  0  0  0  5/11    6:41   0:00   4:00 
Mike Green               0  0  0  -1  0   1  1  0  0  0  0/0    28:50   2:28   4:28 
Morgan Rielly            0  0  0   0  0   0  0  1  0  0  0/0     1:38   0:00   0:00 
Nate Guenin              0  1  1   2  0   1  2  1  0  0  0/0    20:01   0:00   3:47 
Ryan McDonagh            0  0  0  -1  2   3  2  4  0  0  0/0    24:45   2:33   2:55 
Ryan Murphy              0  0  0   0  0   0  0  0  0  0  0/0     0:00   0:00   0:00 
Taylor Hall              1  0  1   1  0   2  1  0  0  0  0/1    19:47   2:19   1:51 
Tomas Fleischmann        0  0  0   1  0   3  4  0  0  0  0/1    19:07   2:22   0:00 

Players Stats for Penguins

Player Name              G  A  P  +/- PIM S  H  SB GA TA FO     MP     PP MP  PK MP  
------------------------------------------------------------------------------------
Brandon Saad             0  0  0  -2  0   1  0  1  0  0  1/1    20:05   3:16   4:08 
David Perron             0  1  1  -2  0   1  5  0  0  0  0/0    14:53   3:16   0:00 
Dmitry Kulikov           0  0  0   0  0   0  1  0  0  0  0/0    12:53   0:00   2:24 
Jacob De La Rose         0  1  1   1  2   1  0  0  0  0  1/1    12:09   0:00   0:04 
Jacob Trouba             0  1  1  -1  0   0  1  2  0  0  0/0    22:55   3:04   0:00 
Jakub Voracek            0  0  0   0  2   0  1  0  0  0  1/1    21:53   3:38   0:00 
John Tavares             2  0  2   1  0   5  0  1  0  0  19/33  26:26   3:38   0:00 
Kevan Miller             0  0  0   0  0   0  1  1  0  0  0/0    13:16   0:00   2:47 
Luke Glendening          0  0  0   1  0   1  1  0  0  0  4/7    15:37   0:00   2:57 
Mark Arcobello           0  0  0   0  0   0  0  0  0  0  3/3     4:33   0:00   0:00 
Mark Giordano            1  1  2   0  0   4  2  2  0  0  0/0    26:12   3:50   0:00 
Ondrej Palat             0  0  0   0  2   2  3  0  0  0  1/2    24:27   3:38   0:59 
Ryan Getzlaf             0  0  0  -2  0   3  4  0  0  0  21/43  28:26   3:16   2:14 
Ryan Suter               0  0  0   0  0   2  3  1  0  0  0/0    28:36   3:50   2:24 
Seth Jones               0  0  0   0  0   0  0  0  0  0  0/0     0:13   0:00   0:00 
Tanner Pearson           0  0  0   0  0   0  0  0  0  0  0/0     6:15   0:00   0:00 
Tim Schaller             0  0  0   0  2   0  1  0  0  0  2/4     8:02   0:00   0:00 
Victor Hedman            0  1  1  -1  0   2  1  2  0  0  0/0    25:55   3:04   2:47 

3 Stars

1 - John Tavares (PIT)
2 - Mark Giordano (PIT)
3 - Alexander Ovechkin (WSH)

Power Play

Capitals - 1 on 3 Attempt(s) - 33.33%
Penguins - 2 on 5 Attempt(s) - 40.00%

Penalty Kill

Capitals - 3 on 5 Attempt(s) - 60.00% - Score 0 goal in Penalty Kill
Penguins - 2 on 3 Attempt(s) - 66.67% - Score 0 goal in Penalty Kill

Team Stat

Capitals - Hits : 24 - Faceoff Wins : 42 - Blocked Shots : 11 - Penalty Minutes : 12
Penguins - Hits : 24 - Faceoff Wins : 53 - Blocked Shots : 10 - Penalty Minutes : 8

Official

Referees : Paul Devorski and Tom Kowal
Linesman : Brian Mach and Derek Nansen

Game Notes

Morgan Rielly is injured at 5:51 of 1st period (Left Knee)
Mark Arcobello is injured at 15:52 of 1st period (Groin)

Finance

Level 1 -- Attendance: 6500 (100.00%) -- Ticket Income $715,000
Level 2 -- Attendance: 5000 (100.00%) -- Ticket Income $400,000
Level 3 -- Attendance: 3284 (93.83%) -- Ticket Income $197,040
Level 4 -- Attendance: 2075 (86.93%) -- Ticket Income $103,750
Luxury Box -- Attendance: 948 (94.80%) -- Ticket Income $189,600
Game was played at the Consol Energy Center.
Total Attendance: 17807 (96.85%)
Total Ticket Income: $1,605,390
Other Income: $240,808
Total Income: $1,846,198

% Time on Ice - Capitals

Lines # - Real PCT - Wanted PCT - Time Play
Normal Forward
1 - 35% - 36% - 15:54
2 - 31% - 33% - 14:11
3 - 29% - 16% - 13:17
4 - 6% - 15% - 2:34
Normal Defense
1 - 35% - 35% - 16:02
2 - 31% - 30% - 14:24
3 - 31% - 25% - 14:21
4 - 3% - 10% - 1:09
PP Forward
1 - 54% - 60% - 2:49
2 - 46% - 40% - 2:22
PP Defense
1 - 45% - 60% - 2:19
2 - 55% - 40% - 2:52
PK Forward
1 - 73% - 60% - 5:03
2 - 27% - 40% - 1:51
PK Defense
1 - 51% - 60% - 3:31
2 - 49% - 40% - 3:23
PK3 Forward
1 - 89% - 60% - 1:25
2 - 11% - 40% - 0:10
PK3 Defense
1 - 40% - 60% - 0:38
2 - 60% - 40% - 0:57
44 Forward
1 - 73% - 60% - 3:58
2 - 27% - 40% - 1:26
44 Defense
1 - 60% - 60% - 3:16
2 - 40% - 40% - 2:08
Last Minute Offensive  - 0:00
Last Minute Defensive  - 0:00
Total
Forward - 65:00
Defense - 65:00

% Time on Ice - Penguins

Lines # - Real PCT - Wanted PCT - Time Play
Normal Forward
1 - 35% - 35% - 15:58
2 - 25% - 35% - 11:37
3 - 26% - 20% - 12:06
4 - 14% - 10% - 6:15
Normal Defense
1 - 41% - 40% - 18:57
2 - 35% - 35% - 16:17
3 - 23% - 20% - 10:29
4 - 0% - 5% - 0:13
PP Forward
1 - 53% - 55% - 3:38
2 - 47% - 45% - 3:16
PP Defense
1 - 56% - 75% - 3:50
2 - 44% - 25% - 3:04
PK Forward
1 - 57% - 55% - 2:57
2 - 43% - 45% - 2:14
PK Defense
1 - 46% - 60% - 2:24
2 - 54% - 40% - 2:47
PK3 Forward
1 - 0% - 55%
2 - 0% - 45%
PK3 Defense
1 - 0% - 55%
2 - 0% - 45%
44 Forward
1 - 64% - 55% - 4:27
2 - 36% - 45% - 2:32
44 Defense
1 - 49% - 55% - 3:25
2 - 51% - 45% - 3:34
Last Minute Offensive  - 0:00
Last Minute Defensive  - 0:00
Total
Forward - 65:00
Defense - 65:00

Play by Play

1st period


0:01 of 1st period - John Tavares wins face-off versus Curtis Lazar in neutral zone.
0:01 of 1st period - John Tavares is hit by Alexander Ovechkin.
0:26 of 1st period - Minor Penalty to Ryan McDonagh for Interference.
0:27 of 1st period - Ryan Getzlaf wins face-off versus Matt Stajan in Capitals zone.
1:58 of 1st period - Shot by Mark Giordano.
1:58 of 1st period - Stopped by James Reimer without a rebound.
1:59 of 1st period - Matt Stajan wins face-off versus Ryan Getzlaf in Capitals zone.
1:59 of 1st period - Matt Stajan is hit by David Perron.
2:22 of 1st period - Shot by Mark Giordano.
2:22 of 1st period - Goal by Mark Giordano - Capitals : 0 - Penguins : 1.
2:23 of 1st period - Jacob De La Rose wins face-off versus Curtis Lazar in neutral zone.
2:46 of 1st period - Shot by Alexander Ovechkin.
2:46 of 1st period - Deflect By Jiri Tlusty.
2:46 of 1st period - Shot Blocked by Victor Hedman.
2:48 of 1st period - Shot by Jiri Tlusty.
2:48 of 1st period - Deflect By Alexander Ovechkin.
2:48 of 1st period - Shot Misses the Net.
3:37 of 1st period - Shot by Mathieu Perreault.
3:37 of 1st period - Shot Misses the Net.
3:49 of 1st period - Shot by Taylor Hall.
3:49 of 1st period - Stopped by Marc-Andre Fleury without a rebound.
3:50 of 1st period - Ryan Getzlaf wins face-off versus Cody Eakin in Penguins zone.
3:55 of 1st period - Cody Eakin is hit by Ryan Getzlaf and loses puck.
4:19 of 1st period - Icing by Mathew Dumba.
4:20 of 1st period - John Tavares wins face-off versus Cody Eakin in Capitals zone.
4:31 of 1st period - Icing by Alexander Semin.
4:32 of 1st period - Ondrej Palat wins face-off versus Cody Eakin in Capitals zone.
4:39 of 1st period - Shot by Jakub Voracek.
4:39 of 1st period - Shot Blocked by Calvin de Haan.
5:04 of 1st period - Shot by John Tavares.
5:04 of 1st period - Shot Misses the Net.
5:06 of 1st period - Shot by Ryan Suter.
5:06 of 1st period - Stopped by James Reimer with a rebound.
5:39 of 1st period - Morgan Rielly is hit by Ryan Getzlaf.
5:45 of 1st period - Shot by Ryan Getzlaf.
5:45 of 1st period - Shot Misses the Net.
5:49 of 1st period - Shot by Brandon Saad.
5:49 of 1st period - Shot Misses the Net.
5:51 of 1st period - Shot by Brandon Saad.
5:51 of 1st period - Shot Blocked by Morgan Rielly.
5:51 of 1st period - Morgan Rielly from Capitals is injured at 5:51 of 1st period (Left Knee).
5:52 of 1st period - Mark Arcobello wins face-off versus Curtis Lazar in Capitals zone.
6:33 of 1st period - Shot by Alexander Ovechkin.
6:33 of 1st period - Shot Blocked by Victor Hedman.
7:00 of 1st period - Icing by Kevan Miller.
7:01 of 1st period - Mathieu Perreault wins face-off versus Ryan Getzlaf in Penguins zone.
7:11 of 1st period - Icing by Kevan Miller.
7:12 of 1st period - Alexander Semin wins face-off versus Ryan Getzlaf in Penguins zone.
8:08 of 1st period - Tomas Fleischmann is hit by David Perron.
8:18 of 1st period - Minor Penalty to Matt Stajan for Hooking.
8:19 of 1st period - Derek Dorsett wins face-off versus John Tavares in Capitals zone.
8:28 of 1st period - Shot by Mark Giordano.
8:28 of 1st period - Shot Misses the Net.
8:30 of 1st period - Shot by Jakub Voracek.
8:30 of 1st period - Shot Misses the Net.
8:32 of 1st period - Shot by Mark Giordano.
8:32 of 1st period - Stopped by James Reimer without a rebound.
8:33 of 1st period - Mathieu Perreault wins face-off versus John Tavares in Capitals zone.
8:46 of 1st period - Mike Green is hit by Ondrej Palat and loses puck.
10:12 of 1st period - Icing by Ryan Suter.
10:13 of 1st period - John Tavares wins face-off versus Cody Eakin in Penguins zone.
10:45 of 1st period - Minor Penalty to Calvin de Haan for Holding.
10:46 of 1st period - Matt Stajan wins face-off versus John Tavares in Capitals zone.
10:46 of 1st period - Matt Stajan is hit by Jakub Voracek.
11:52 of 1st period - Mike Green is hit by David Perron and loses puck.
12:46 of 1st period - Shot by John Tavares.
12:46 of 1st period - Stopped by James Reimer without a rebound.
12:47 of 1st period - Mark Arcobello wins face-off versus Curtis Lazar in Capitals zone.
12:50 of 1st period - Shot by Luke Glendening.
12:50 of 1st period - Stopped by James Reimer with a rebound.
13:03 of 1st period - Jacob De La Rose is hit by Mathew Dumba and loses puck.
14:08 of 1st period - Dmitry Kulikov is hit by Ryan McDonagh and loses puck.
14:24 of 1st period - Off-side.
14:25 of 1st period - John Tavares wins face-off versus Mathieu Perreault in neutral zone.
15:50 of 1st period - Shot by Ryan Getzlaf.
15:50 of 1st period - Stopped by James Reimer without a rebound.
15:51 of 1st period - Mark Arcobello wins face-off versus Curtis Lazar in Capitals zone.
15:51 of 1st period - Mark Arcobello is hit by Calvin de Haan.
15:52 of 1st period - Mark Arcobello from Penguins is injured at 15:52 of 1st period (Groin).
15:53 of 1st period - Curtis Lazar wins face-off versus Ryan Getzlaf in Capitals zone.
15:53 of 1st period - Curtis Lazar is hit by Ryan Getzlaf.
16:02 of 1st period - Icing by Alexander Ovechkin.
16:03 of 1st period - John Tavares wins face-off versus Curtis Lazar in Capitals zone.
16:28 of 1st period - Shot by John Tavares.
16:28 of 1st period - Shot Misses the Net.
16:45 of 1st period - Shot by John Tavares.
16:45 of 1st period - Shot Blocked by Mathew Dumba.
16:58 of 1st period - Alexander Ovechkin is hit by Mark Giordano and loses puck.
17:36 of 1st period - Icing by Alexander Semin.
17:37 of 1st period - John Tavares wins face-off versus Cody Eakin in Capitals zone.
18:13 of 1st period - Icing by Cody Eakin.
18:14 of 1st period - Cody Eakin wins face-off versus Ryan Getzlaf in Capitals zone.
18:18 of 1st period - Off-side.
18:19 of 1st period - Ryan Getzlaf wins face-off versus Mathieu Perreault in neutral zone.
19:02 of 1st period - Icing by Mark Giordano.
19:03 of 1st period - Ryan Getzlaf wins face-off versus Curtis Lazar in Penguins zone.
19:08 of 1st period - Ryan Suter is hit by Curtis Lazar and loses puck.
19:17 of 1st period - Shot by Alexander Ovechkin.
19:17 of 1st period - Stopped by Marc-Andre Fleury without a rebound.
19:18 of 1st period - John Tavares wins face-off versus Cody Eakin in Penguins zone.
19:18 of 1st period - John Tavares is hit by Derek Dorsett.
19:23 of 1st period - Minor Penalty to Jakub Voracek for Slashing.
19:23 of 1st period - Minor Penalty to Derek Dorsett for Holding.
19:24 of 1st period - John Tavares wins face-off versus Mathieu Perreault in neutral zone.
19:39 of 1st period - Shot by Ondrej Palat.
19:39 of 1st period - Shot Misses the Net.
Goals for this period are 0 for Capitals vs 1 for Penguins.
Shots for this period are 2 for Capitals vs 7 for Penguins.

2nd period


0:01 of 2nd period - John Tavares wins face-off versus Mathieu Perreault in neutral zone.
1:05 of 2nd period - Jacob Trouba is hit by Calvin de Haan.
1:38 of 2nd period - Minor Penalty to Jacob De La Rose for Interference.
1:39 of 2nd period - Luke Glendening wins face-off versus Jiri Tlusty in Penguins zone.
2:26 of 2nd period - Icing by Calvin de Haan.
2:27 of 2nd period - Ryan Getzlaf wins face-off versus Mathieu Perreault in Capitals zone.
2:47 of 2nd period - Shot by Mathieu Perreault.
2:47 of 2nd period - Stopped by Marc-Andre Fleury with a rebound.
2:49 of 2nd period - Shot by Cody Eakin.
2:49 of 2nd period - Shot Misses the Net.
2:51 of 2nd period - Shot by Cody Eakin.
2:51 of 2nd period - Goal by Cody Eakin - Capitals : 1 - Penguins : 1.
2:52 of 2nd period - Curtis Lazar wins face-off versus John Tavares in neutral zone.
3:16 of 2nd period - Shot by Nate Guenin.
3:16 of 2nd period - Stopped by Marc-Andre Fleury without a rebound.
3:17 of 2nd period - Cody Eakin wins face-off versus Ryan Getzlaf in Penguins zone.
3:17 of 2nd period - Cody Eakin is hit by Victor Hedman.
3:51 of 2nd period - Shot by Ryan Getzlaf.
3:51 of 2nd period - Shot Misses the Net.
3:53 of 2nd period - Shot by Ryan Getzlaf.
3:53 of 2nd period - Shot Misses the Net.
4:34 of 2nd period - Shot by Ondrej Palat.
4:34 of 2nd period - Stopped by James Reimer without a rebound.
4:35 of 2nd period - John Tavares wins face-off versus Mathieu Perreault in Capitals zone.
4:38 of 2nd period - Shot by John Tavares.
4:38 of 2nd period - Shot Misses the Net.
5:22 of 2nd period - Off-side.
5:23 of 2nd period - Ryan Getzlaf wins face-off versus Curtis Lazar in neutral zone.
5:32 of 2nd period - Shot by Ryan Getzlaf.
5:32 of 2nd period - Shot Blocked by Jay Harrison.
5:34 of 2nd period - Shot by Mark Giordano.
5:34 of 2nd period - Stopped by James Reimer without a rebound.
5:35 of 2nd period - Ryan Getzlaf wins face-off versus Curtis Lazar in Capitals zone.
5:35 of 2nd period - Ryan Getzlaf is hit by Nate Guenin.
5:55 of 2nd period - Shot by Alexander Ovechkin.
5:55 of 2nd period - Stopped by Marc-Andre Fleury without a rebound.
5:56 of 2nd period - Ryan Getzlaf wins face-off versus Tomas Fleischmann in Penguins zone.
5:56 of 2nd period - Ryan Getzlaf is hit by Mathieu Perreault.
6:19 of 2nd period - Icing by Ryan McDonagh.
6:20 of 2nd period - Mathieu Perreault wins face-off versus John Tavares in Capitals zone.
6:20 of 2nd period - Mathieu Perreault is hit by Ondrej Palat.
7:24 of 2nd period - Ryan Getzlaf is hit by Alexander Ovechkin and loses puck.
7:35 of 2nd period - Shot by Alexander Ovechkin.
7:35 of 2nd period - Goal by Alexander Ovechkin - Capitals : 2 - Penguins : 1.
7:36 of 2nd period - Cody Eakin wins face-off versus Ryan Getzlaf in neutral zone.
7:38 of 2nd period - Mathew Dumba is hit by Kevan Miller and loses puck.
8:33 of 2nd period - Icing by Jay Harrison.
8:34 of 2nd period - Jiri Tlusty wins face-off versus John Tavares in Capitals zone.
8:53 of 2nd period - Icing by Jiri Tlusty.
8:54 of 2nd period - Tim Schaller wins face-off versus Curtis Lazar in Capitals zone.
9:10 of 2nd period - Shot by Jiri Tlusty.
9:10 of 2nd period - Stopped by Marc-Andre Fleury without a rebound.
9:11 of 2nd period - Mathieu Perreault wins face-off versus Ryan Getzlaf in Penguins zone.
9:14 of 2nd period - Shot by Mathieu Perreault.
9:14 of 2nd period - Stopped by Marc-Andre Fleury without a rebound.
9:15 of 2nd period - John Tavares wins face-off versus Mathieu Perreault in Penguins zone.
9:15 of 2nd period - John Tavares is hit by Tomas Fleischmann.
9:45 of 2nd period - Shot by Tomas Fleischmann.
9:45 of 2nd period - Stopped by Marc-Andre Fleury without a rebound.
9:46 of 2nd period - Ryan Getzlaf wins face-off versus Curtis Lazar in Penguins zone.
9:58 of 2nd period - Shot by Brandon Saad.
9:58 of 2nd period - Stopped by James Reimer without a rebound.
9:59 of 2nd period - Cody Eakin wins face-off versus Ryan Getzlaf in Capitals zone.
10:12 of 2nd period - Shot by Cody Eakin.
10:12 of 2nd period - Shot Misses the Net.
10:47 of 2nd period - Icing by Ryan Suter.
10:48 of 2nd period - Luke Glendening wins face-off versus Matt Stajan in Penguins zone.
11:01 of 2nd period - Shot by Alexander Ovechkin.
11:01 of 2nd period - Shot Misses the Net.
11:03 of 2nd period - Shot by Matt Stajan.
11:03 of 2nd period - Stopped by Marc-Andre Fleury without a rebound.
11:04 of 2nd period - Jakub Voracek wins face-off versus Curtis Lazar in Penguins zone.
11:20 of 2nd period - Shot by John Tavares.
11:20 of 2nd period - Shot Misses the Net.
11:42 of 2nd period - Shot by Curtis Lazar.
11:42 of 2nd period - Deflect By Alexander Ovechkin.
11:42 of 2nd period - Stopped by Marc-Andre Fleury without a rebound.
11:43 of 2nd period - Mathieu Perreault wins face-off versus Ryan Getzlaf in Penguins zone.
11:50 of 2nd period - Shot by Mathieu Perreault.
11:50 of 2nd period - Stopped by Marc-Andre Fleury without a rebound.
11:51 of 2nd period - Ryan Getzlaf wins face-off versus Mathieu Perreault in Penguins zone.
11:51 of 2nd period - Ryan Getzlaf is hit by Tomas Fleischmann.
12:00 of 2nd period - Icing by Taylor Hall.
12:01 of 2nd period - John Tavares wins face-off versus Mathieu Perreault in Capitals zone.
12:01 of 2nd period - Ondrej Palat is hit by Ryan McDonagh and loses puck.
12:29 of 2nd period - Mathieu Perreault is hit by Jacob Trouba and loses puck.
13:02 of 2nd period - Shot by Jiri Tlusty.
13:02 of 2nd period - Shot Blocked by Jacob Trouba.
13:05 of 2nd period - Icing by Jacob Trouba.
13:06 of 2nd period - John Tavares wins face-off versus Cody Eakin in Penguins zone.
13:36 of 2nd period - Off-side.
13:37 of 2nd period - Ryan Getzlaf wins face-off versus Curtis Lazar in neutral zone.
13:50 of 2nd period - Shot by Alexander Ovechkin.
13:50 of 2nd period - Deflect By Jiri Tlusty.
13:50 of 2nd period - Stopped by Marc-Andre Fleury without a rebound.
13:51 of 2nd period - Ryan Getzlaf wins face-off versus Taylor Hall in Penguins zone.
13:55 of 2nd period - Icing by Mark Giordano.
13:56 of 2nd period - Ryan Getzlaf wins face-off versus Matt Stajan in Penguins zone.
13:56 of 2nd period - Ryan Getzlaf is hit by Alexander Ovechkin.
14:28 of 2nd period - Shot by Tomas Fleischmann.
14:28 of 2nd period - Stopped by Marc-Andre Fleury without a rebound.
14:29 of 2nd period - Cody Eakin wins face-off versus John Tavares in Penguins zone.
15:28 of 2nd period - Icing by Ryan Getzlaf.
15:29 of 2nd period - Ryan Getzlaf wins face-off versus Curtis Lazar in Penguins zone.
16:02 of 2nd period - Icing by Ryan McDonagh.
16:03 of 2nd period - John Tavares wins face-off versus Curtis Lazar in Capitals zone.
16:08 of 2nd period - Shot by John Tavares.
16:08 of 2nd period - Shot Blocked by Ryan McDonagh.
16:10 of 2nd period - Shot by John Tavares.
16:10 of 2nd period - Stopped by James Reimer without a rebound.
16:11 of 2nd period - Mathieu Perreault wins face-off versus Ryan Getzlaf in Capitals zone.
16:32 of 2nd period - Ryan Getzlaf is hit by Nate Guenin and loses puck.
17:18 of 2nd period - Shot by John Tavares.
17:18 of 2nd period - Shot Blocked by Nate Guenin.
17:53 of 2nd period - Alexander Ovechkin is hit by Mark Giordano and loses puck.
18:03 of 2nd period - Icing by Ondrej Palat.
18:04 of 2nd period - Cody Eakin wins face-off versus John Tavares in Penguins zone.
18:08 of 2nd period - Alexander Semin is hit by Ryan Suter and loses puck.
18:39 of 2nd period - Shot by Alexander Semin.
18:39 of 2nd period - Shot Misses the Net.
18:45 of 2nd period - Shot by Derek Dorsett.
18:45 of 2nd period - Deflect By Alexander Semin.
18:45 of 2nd period - Stopped by Marc-Andre Fleury with a rebound.
18:55 of 2nd period - Alexander Ovechkin is hit by Ondrej Palat and loses puck.
19:10 of 2nd period - Shot by Ryan Getzlaf.
19:10 of 2nd period - Shot Misses the Net.
19:26 of 2nd period - Icing by Jacob Trouba.
19:27 of 2nd period - Brandon Saad wins face-off versus Mathieu Perreault in Penguins zone.
19:27 of 2nd period - Ryan Getzlaf is hit by Mathieu Perreault and loses puck.
19:38 of 2nd period - Shot by Taylor Hall.
19:38 of 2nd period - Goal by Taylor Hall - Capitals : 3 - Penguins : 1.
19:39 of 2nd period - Matt Stajan wins face-off versus Ryan Getzlaf in neutral zone.
19:48 of 2nd period - Shot by Ryan Getzlaf.
19:48 of 2nd period - Stopped by James Reimer without a rebound.
19:49 of 2nd period - Ryan Getzlaf wins face-off versus Cody Eakin in Capitals zone.
19:49 of 2nd period - Ryan Getzlaf is hit by Mike Green.
Goals for this period are 3 for Capitals vs 0 for Penguins.
Shots for this period are 15 for Capitals vs 5 for Penguins.

3rd period


0:01 of 3rd period - Matt Stajan wins face-off versus Ryan Getzlaf in neutral zone.
0:08 of 3rd period - Shot by Tomas Fleischmann.
0:08 of 3rd period - Stopped by Marc-Andre Fleury without a rebound.
0:09 of 3rd period - Ryan Getzlaf wins face-off versus Curtis Lazar in Penguins zone.
0:09 of 3rd period - Ryan Getzlaf is hit by Curtis Lazar.
0:20 of 3rd period - David Perron is hit by Curtis Lazar and loses puck.
0:26 of 3rd period - Icing by Ryan Suter.
0:27 of 3rd period - Mathieu Perreault wins face-off versus Ryan Getzlaf in Penguins zone.
0:32 of 3rd period - Shot by Mathieu Perreault.
0:32 of 3rd period - Stopped by Marc-Andre Fleury with a rebound.
0:34 of 3rd period - Shot by Taylor Hall.
0:34 of 3rd period - Shot Blocked by Mark Giordano.
1:08 of 3rd period - Shot by Tomas Fleischmann.
1:08 of 3rd period - Shot Misses the Net.
1:42 of 3rd period - Shot by Alexander Ovechkin.
1:42 of 3rd period - Shot Misses the Net.
1:44 of 3rd period - Shot by Mike Green.
1:44 of 3rd period - Shot Misses the Net.
1:46 of 3rd period - Shot by Alexander Ovechkin.
1:46 of 3rd period - Shot Blocked by Ryan Suter.
1:48 of 3rd period - Shot by Ryan McDonagh.
1:48 of 3rd period - Shot Blocked by Mark Giordano.
1:50 of 3rd period - Shot by Alexander Ovechkin.
1:50 of 3rd period - Stopped by Marc-Andre Fleury without a rebound.
1:51 of 3rd period - John Tavares wins face-off versus Cody Eakin in Penguins zone.
1:56 of 3rd period - Shot by Derek Dorsett.
1:56 of 3rd period - Shot Hit the Post.
2:01 of 3rd period - Minor Penalty to Derek Dorsett for Hooking.
2:02 of 3rd period - John Tavares wins face-off versus Matt Stajan in Capitals zone.
2:11 of 3rd period - Shot by Ondrej Palat.
2:11 of 3rd period - Deflect By John Tavares.
2:11 of 3rd period - Shot Misses the Net.
2:17 of 3rd period - Shot by Ondrej Palat.
2:17 of 3rd period - Shot Misses the Net.
2:27 of 3rd period - Shot by Jakub Voracek.
2:27 of 3rd period - Shot Blocked by Calvin de Haan.
2:29 of 3rd period - Shot by Jacob Trouba.
2:29 of 3rd period - Shot Misses the Net.
2:31 of 3rd period - Shot by Ondrej Palat.
2:31 of 3rd period - Deflect By Jakub Voracek.
2:31 of 3rd period - Shot Blocked by Calvin de Haan.
2:33 of 3rd period - Shot by Victor Hedman.
2:33 of 3rd period - Stopped by James Reimer with a rebound.
2:35 of 3rd period - Shot by Jacob Trouba.
2:35 of 3rd period - Shot Blocked by Ryan McDonagh.
2:37 of 3rd period - Shot by John Tavares.
2:37 of 3rd period - Goal by John Tavares - Capitals : 3 - Penguins : 2.
2:38 of 3rd period - Tim Schaller wins face-off versus Curtis Lazar in neutral zone.
2:56 of 3rd period - Shot by Mike Green.
2:56 of 3rd period - Shot Misses the Net.
3:04 of 3rd period - Shot by Alexander Ovechkin.
3:04 of 3rd period - Shot Blocked by Kevan Miller.
3:06 of 3rd period - Shot by Alexander Ovechkin.
3:06 of 3rd period - Stopped by Marc-Andre Fleury with a rebound.
3:16 of 3rd period - Shot by Alexander Ovechkin.
3:16 of 3rd period - Stopped by Marc-Andre Fleury without a rebound.
3:17 of 3rd period - John Tavares wins face-off versus Mathieu Perreault in Penguins zone.
3:42 of 3rd period - John Tavares is hit by Taylor Hall and loses puck.
4:07 of 3rd period - Icing by Jakub Voracek.
4:08 of 3rd period - John Tavares wins face-off versus Curtis Lazar in Penguins zone.
4:20 of 3rd period - Icing by Mike Green.
4:21 of 3rd period - Curtis Lazar wins face-off versus Ryan Getzlaf in Capitals zone.
4:21 of 3rd period - Curtis Lazar is hit by David Perron.
4:39 of 3rd period - Shot by David Perron.
4:39 of 3rd period - Stopped by James Reimer without a rebound.
4:40 of 3rd period - Ryan Getzlaf wins face-off versus Cody Eakin in Capitals zone.
4:51 of 3rd period - Shot by Alexander Semin.
4:51 of 3rd period - Stopped by Marc-Andre Fleury with a rebound.
5:23 of 3rd period - Icing by Dmitry Kulikov.
5:24 of 3rd period - Matt Stajan wins face-off versus Ryan Getzlaf in Penguins zone.
5:37 of 3rd period - Shot by Alexander Ovechkin.
5:37 of 3rd period - Stopped by Marc-Andre Fleury without a rebound.
5:38 of 3rd period - Curtis Lazar wins face-off versus Ondrej Palat in Penguins zone.
5:51 of 3rd period - Shot by John Tavares.
5:51 of 3rd period - Stopped by James Reimer with a rebound.
5:53 of 3rd period - Shot by Victor Hedman.
5:53 of 3rd period - Stopped by James Reimer without a rebound.
5:54 of 3rd period - John Tavares wins face-off versus Mathieu Perreault in Capitals zone.
6:00 of 3rd period - Ryan McDonagh is hit by Ryan Suter and loses puck.
6:06 of 3rd period - Mathieu Perreault is hit by Ryan Suter and loses puck.
6:12 of 3rd period - Minor Penalty to Tim Schaller for Tripping.
6:13 of 3rd period - Jiri Tlusty wins face-off versus Luke Glendening in Penguins zone.
6:14 of 3rd period - Shot by Alexander Ovechkin.
6:14 of 3rd period - Shot Misses the Net.
6:26 of 3rd period - Jiri Tlusty is hit by Luke Glendening and loses puck.
6:33 of 3rd period - Shot by Brandon Saad.
6:33 of 3rd period - Shot Blocked by Ryan McDonagh.
7:22 of 3rd period - Icing by Calvin de Haan.
7:23 of 3rd period - Mathieu Perreault wins face-off versus Ryan Getzlaf in Capitals zone.
7:40 of 3rd period - Shot by Mike Green.
7:40 of 3rd period - Shot Misses the Net.
8:10 of 3rd period - Shot by Alexander Semin.
8:10 of 3rd period - Shot Misses the Net.
9:02 of 3rd period - Shot by Derek Dorsett.
9:02 of 3rd period - Shot Blocked by Jacob Trouba.
9:11 of 3rd period - Icing by Ryan Getzlaf.
9:12 of 3rd period - Ryan Getzlaf wins face-off versus Mathieu Perreault in Penguins zone.
9:12 of 3rd period - Ryan Getzlaf is hit by Tomas Fleischmann.
9:34 of 3rd period - Mark Giordano is hit by Mathieu Perreault and loses puck.
10:01 of 3rd period - Minor Penalty to Ondrej Palat for Hooking.
10:02 of 3rd period - Luke Glendening wins face-off versus Jiri Tlusty in Penguins zone.
10:25 of 3rd period - Shot by Ryan McDonagh.
10:25 of 3rd period - Stopped by Marc-Andre Fleury without a rebound.
10:26 of 3rd period - Jiri Tlusty wins face-off versus Luke Glendening in Penguins zone.
10:27 of 3rd period - Shot by Alexander Ovechkin.
10:27 of 3rd period - Shot Misses the Net.
10:29 of 3rd period - Shot by Calvin de Haan.
10:29 of 3rd period - Shot Misses the Net.
10:31 of 3rd period - Shot by Mike Green.
10:31 of 3rd period - Stopped by Marc-Andre Fleury without a rebound.
10:32 of 3rd period - Luke Glendening wins face-off versus Jiri Tlusty in Penguins zone.
10:47 of 3rd period - Shot by Ryan McDonagh.
10:47 of 3rd period - Stopped by Marc-Andre Fleury with a rebound.
10:49 of 3rd period - Shot by Ryan McDonagh.
10:49 of 3rd period - Stopped by Marc-Andre Fleury with a rebound.
11:52 of 3rd period - Taylor Hall is hit by Ryan Getzlaf.
11:56 of 3rd period - Shot by Alexander Ovechkin.
11:56 of 3rd period - Stopped by Marc-Andre Fleury without a rebound.
11:57 of 3rd period - Jiri Tlusty wins face-off versus Luke Glendening in Penguins zone.
11:57 of 3rd period - Jiri Tlusty is hit by Dmitry Kulikov.
12:03 of 3rd period - Shot by Alexander Ovechkin.
12:03 of 3rd period - Shot Misses the Net.
12:41 of 3rd period - Shot by John Tavares.
12:41 of 3rd period - Shot Misses the Net.
12:45 of 3rd period - Shot by Jakub Voracek.
12:45 of 3rd period - Deflect By Ondrej Palat.
12:45 of 3rd period - Stopped by James Reimer without a rebound.
12:46 of 3rd period - Cody Eakin wins face-off versus Tim Schaller in Capitals zone.
12:46 of 3rd period - Cody Eakin is hit by Tim Schaller.
13:13 of 3rd period - Icing by Kevan Miller.
13:14 of 3rd period - Alexander Ovechkin wins face-off versus Tim Schaller in Penguins zone.
13:57 of 3rd period - Icing by Ryan McDonagh.
13:58 of 3rd period - Curtis Lazar wins face-off versus Ryan Getzlaf in Capitals zone.
13:58 of 3rd period - Curtis Lazar is hit by David Perron.
14:30 of 3rd period - Shot by Alexander Semin.
14:30 of 3rd period - Stopped by Marc-Andre Fleury without a rebound.
14:31 of 3rd period - Mathieu Perreault wins face-off versus John Tavares in Penguins zone.
16:14 of 3rd period - Icing by Jacob Trouba.
16:15 of 3rd period - Alexander Ovechkin wins face-off versus Ryan Getzlaf in Penguins zone.
16:31 of 3rd period - Icing by Ryan Getzlaf.
16:32 of 3rd period - Cody Eakin wins face-off versus Ryan Getzlaf in Penguins zone.
17:23 of 3rd period - Shot by Jacob De La Rose.
17:23 of 3rd period - Deflect By John Tavares.
17:23 of 3rd period - Goal by John Tavares - Capitals : 3 - Penguins : 3.
17:24 of 3rd period - Curtis Lazar wins face-off versus John Tavares in neutral zone.
17:47 of 3rd period - Shot by Alexander Ovechkin.
17:47 of 3rd period - Stopped by Marc-Andre Fleury without a rebound.
17:48 of 3rd period - Ryan Getzlaf wins face-off versus Mathieu Perreault in Penguins zone.
17:48 of 3rd period - Ryan Getzlaf is hit by Tomas Fleischmann.
18:21 of 3rd period - Shot by Ryan Getzlaf.
18:21 of 3rd period - Deflect By Jacob De La Rose.
18:21 of 3rd period - Stopped by James Reimer with a rebound.
18:42 of 3rd period - Shot by Curtis Lazar.
18:42 of 3rd period - Deflect By Alexander Ovechkin.
18:42 of 3rd period - Stopped by Marc-Andre Fleury without a rebound.
18:43 of 3rd period - Curtis Lazar wins face-off versus John Tavares in Penguins zone.
18:52 of 3rd period - Shot by Alexander Ovechkin.
18:52 of 3rd period - Shot Misses the Net.
19:24 of 3rd period - Shot by Alexander Ovechkin.
19:24 of 3rd period - Shot Misses the Net.
19:35 of 3rd period - Minor Penalty to Derek Dorsett for Holding.
19:36 of 3rd period - Ryan Getzlaf wins face-off versus Matt Stajan in Capitals zone.
19:56 of 3rd period - Shot by Ryan Suter.
19:56 of 3rd period - Stopped by James Reimer without a rebound.
19:57 of 3rd period - Ryan Getzlaf wins face-off versus Matt Stajan in Capitals zone.
Goals for this period are 0 for Capitals vs 2 for Penguins.
Shots for this period are 15 for Capitals vs 9 for Penguins.

Overtime #1


0:01 of 1st overtime period - Cody Eakin wins face-off versus John Tavares in neutral zone.
0:35 of 1st overtime period - Shot by John Tavares.
0:35 of 1st overtime period - Shot Blocked by Ryan McDonagh.
1:34 of 1st overtime period - Shot by Jakub Voracek.
1:34 of 1st overtime period - Deflect By Ryan Getzlaf.
1:34 of 1st overtime period - Stopped by James Reimer without a rebound.
1:35 of 1st overtime period - Mathieu Perreault wins face-off versus John Tavares in Capitals zone.
1:49 of 1st overtime period - Off-side.
1:50 of 1st overtime period - Mathieu Perreault wins face-off versus John Tavares in neutral zone.
2:15 of 1st overtime period - Jacob Trouba is hit by Alexander Ovechkin and loses puck.
3:41 of 1st overtime period - Shot by Alexander Ovechkin.
3:41 of 1st overtime period - Shot Blocked by Brandon Saad.
4:23 of 1st overtime period - Shot by Taylor Hall.
4:23 of 1st overtime period - Shot Blocked by John Tavares.
4:32 of 1st overtime period - Off-side.
4:33 of 1st overtime period - Curtis Lazar wins face-off versus Ryan Getzlaf in neutral zone.
4:40 of 1st overtime period - Shot by Curtis Lazar.
4:40 of 1st overtime period - Stopped by Marc-Andre Fleury without a rebound.
4:41 of 1st overtime period - Curtis Lazar wins face-off versus Ryan Getzlaf in Penguins zone.
4:52 of 1st overtime period - Shot by Curtis Lazar.
4:52 of 1st overtime period - Shot Misses the Net.
Goals for this period are 0 for Capitals vs 0 for Penguins.
Shots for this period are 1 for Capitals vs 1 for Penguins.

ShootOut


5:00 of 1st overtime period - Penalty Shot by Alexander Ovechkin for Capitals.
5:00 of 1st overtime period - Stopped by Marc-Andre Fleury.
5:00 of 1st overtime period - Penalty Shot by John Tavares for Penguins.
5:00 of 1st overtime period - Stopped by James Reimer.
5:00 of 1st overtime period - Penalty Shot by Mathieu Perreault for Capitals.
5:00 of 1st overtime period - Stopped by Marc-Andre Fleury.
5:00 of 1st overtime period - Penalty Shot by Jakub Voracek for Penguins.
5:00 of 1st overtime period - Goal by Jakub Voracek.
5:00 of 1st overtime period - Penalty Shot by Matt Stajan for Capitals.
5:00 of 1st overtime period - Stopped by Marc-Andre Fleury.